Map: Dusk Towers

Players

Fropez

  • Race: Protoss Protoss
  • League: Silver
  • Spawn Location: 7:00

lion - Winner!

  • Race: Zerg Zerg
  • League: Silver
  • Spawn Location: 1:00

VOD

Have the link to the VOD?

Description

Time

  • Played on: May 18, 2016, 6:03 p.m.
  • Length: 5:18
Show
View Real Time Build Order
Export as new Build Order

Fropez Protoss 

Build Orders:  

Get SALT Encoding   

  12  0:12  Pylon  
  12  0:31  Gateway  
  12  0:36  Probe (Chrono Boost)  
  13  0:44  Gateway  
  13  0:47  Probe (Chrono Boost)  
  14  0:57  Probe (Chrono Boost)  
  14  1:01  Assimilator  
  15  1:08  Probe (Chrono Boost)  
  16  1:15  Pylon  
  17  1:18  Probe (Chrono Boost)  
  17  1:24  Pylon  
  17  1:29  Probe (Chrono Boost)  
  18  1:38  Assimilator  
  18  1:39  Probe (Chrono Boost)  
  19  1:50  Probe (Chrono Boost)  
  19  1:53  Cybernetics Core  
  20  2:00  Probe (Chrono Boost)  
  21  2:11  Probe (Chrono Boost)  
  22  2:17  Zealot (Chrono Boost)  
  26  2:30  Gateway  
  23  2:50  Forge  
  23  2:51  Mothership Core  
  23  2:54  Pylon  
  19  3:16  Probe  
  17  3:30  Probe  
  17  3:31  Pylon  
  18  3:41  Probe  
  19  3:51  Gateway  
  19  3:53  Gateway  
  19  3:58  Photon Cannon  
  19  4:10  Pylon  
  19  4:12  Probe  
  20  4:33  Pylon  
  20  4:49  Photon Cannon  
  20  4:50  Photon Cannon  
  20  5:11  Pylon  
  20  5:14  Photon Cannon  
  20  5:15  Photon Cannon  
Show
View Real Time Build Order
Export as new Build Order

lion Zerg - Winner!

Build Orders: Pool Only 

Get SALT Encoding   

  12  0:21  Spawning Pool  
  12  0:26  Drone  
  12  0:27  Drone  
  13  0:30  Drone  
  14  0:41  Overlord  
  14  0:50  Extractor  
  14  0:52  Extractor  
  12  1:11  Zergling x2  
  12  1:12  Zergling x4  
  15  1:31  Queen  
  17  1:46  Zergling x6  
  20  2:01  Roach Warren  
  19  2:23  Drone  
  19  2:25  Overlord x2  
  14  3:25  Roach x5  
  24  4:06  Roach x4  
  24  4:07  Roach  
  32  4:47  Roach  
  32  4:48  Roach x2  
Tags
 
Matchup
PvZ
Opening
Pool Only
Replay Pack
All Mines
Spawn Locations
Cross Positions
Add a new tag
Caveats
  • Supply blocks, unpowered buildings, or Contaminate may cause inaccurate times.
  • Supply counts are checked every 10 seconds.